 Dungeon Crawl Stone Soup version 0.21.1-1-g345015f (webtiles) character file.

120 tyranidshit the Skirmisher (level 4, -2/39 HPs)
             Began as a Demonspawn Abyssal Knight on July 25, 2018.
             Was a Follower of Lugonu.
             Slain by Edmund
             ... wielding a +4 dire flail of draining
              (4 damage)
             ... on level 3 of the Dungeon.
             The game lasted 00:07:44 (1784 turns).

tyranidshit the Skirmisher (DsAK)                   Turns: 1784, Time: 00:07:45

Health: -2/39      AC:  8    Str: 13    XL:     4   Next: 75%
Magic:  0/5        EV:  3    Int: 14    God:    Lugonu [*.....]
Gold:   101        SH: 12    Dex: 12    Spells: 3/3 levels left

rFire    . . .     SeeInvis .   a - +2 hand axe
rCold    . . .     Gourm    .   f - +2 large shield
rNeg     . . .     Faith    +   j - +0 scale mail
rPois    .         Spirit   +   (no helmet)
rElec    .         Reflect  .   (no cloak)
rCorr    .         Harm     .   (no gloves)
MR       .....                  (no boots)
Stlth    ..........             h - amulet of faith
HPRegen  0.13/turn              (no ring)
MPRegen  0.09/turn              (no ring)

@: heavily drained
A: talons 1, icy blue scales 1, magic shield
a: Depart the Abyss, Renounce Religion


You were on level 3 of the Dungeon.
You worshipped Lugonu.
Lugonu was aware of your devotion.
You were not hungry.

You visited 1 branch of the dungeon, and saw 4 of its levels.
You visited the Abyss 1 time.

You collected 101 gold pieces.

Inventory:

Hand Weapons
 a - a +2 hand axe (weapon)
Armour
 b - a +0 leather armour
 d - a +0 ring mail
 f - a +2 large shield (worn)
 j - a +0 scale mail (worn)
Jewellery
 h - an amulet of faith (around neck)
Scrolls
 e - a scroll of identify
 i - 2 scrolls of noise
Potions
 g - a potion of cancellation
Comestibles
 c - 5 rations


   Skills:
 - Level 5.0(3.0) Fighting
 - Level 1.7(0.0) Axes
 + Level 2.2(0.4) Armour
 - Level 0.8(0.0) Dodging
 + Level 1.2(0.0) Shields
 - Level 2.4(0.6) Invocations


You had 3 spell levels left.
You didn't know any spells.

Dungeon Overview and Level Annotations

Branches:
Dungeon (4/15)
 Temple: D:4-7

Altars:

Annotations:
D:3 Edmund


Innate Abilities, Weirdness & Mutations

You have sharp toenails.
You are partially covered in icy blue scales. (AC +2)
When hurt, damage is shared between your health and your magic reserves.


Message History

The orc hits you but does no damage. You block the worm's attack.
The orc hits you with a club.
* * * LOW HITPOINT WARNING * * *
You block the worm's attack. The worm bites you.
* * * LOW HITPOINT WARNING * * *
Okay, then.
A frilled lizard comes into view.
The frilled lizard hisses angrily.
Your shield and scale mail prevent you from hitting the frilled lizard.
You hit Edmund but do no damage. You block the frilled lizard's attack.
Edmund hits you but does no damage.
You feel drained.
The frilled lizard bites you but does no damage.
You closely miss the frilled lizard. You hit Edmund. You block Edmund's attack.
The frilled lizard bites you but does no damage.
Edmund hits you with a dire flail of draining!
* * * LOW HITPOINT WARNING * * *
You feel drained.
You die...

### #.. #.#####
#l##.. #@##.# #
#@##.##.#
#o......#
####.#### #.# #.#
##w## ########
##...#####.......
#.....##.......#


You could see Edmund, an orc and a frilled lizard.

Vanquished Creatures
  An iguana (D:4)
  A hound skeleton (D:2)
  4 adders (D:2)
  A worm (D:3)
  A dart slug (D:1)
  3 leopard geckos
  A ball python (D:4)
  4 giant cockroaches
  5 goblins
  A hobgoblin (D:1)
  7 kobolds
  A quokka (D:2)
  3 bats
  2 frilled lizards
  6 rats
41 creatures vanquished.

Notes
Turn   | Place    | Note
-------+----------+-------------------------------------------
     0 | Abyss:1  | tyranidshit the Demonspawn Abyssal Knight began the quest for the Orb.
     0 | Abyss:1  | Reached XP level 1. HP: 18/18 MP: 2/2
    14 | Abyss:3  | Found a corrupted altar of Lugonu.
    25 | Abyss:3  | Noticed a worldbinder
    30 | D:1      | Escaped the Abyss
   162 | D:1      | Gained mutation: You are partially covered in icy blue scales. (AC +2) [demonic ancestry]
   162 | D:1      | Reached XP level 2. HP: 11/24 MP: 3/3
   170 | D:1      | Reached * piety under Lugonu
   260 | D:1      | Reached skill level 4 in Fighting
   773 | D:2      | Gained mutation: You have sharp toenails. [demonic ancestry]
   773 | D:2      | Reached XP level 3. HP: 19/31 MP: 4/4
   988 | D:2      | Reached skill level 5 in Fighting
   988 | D:2      | Gained mutation: When hurt, damage is shared between your health and your magic reserves. [demonic ancestry]
   988 | D:2      | Reached XP level 4. HP: 19/39 MP: 5/5
  1379 | D:3      | Noticed an ogre
  1755 | D:4      | Reached skill level 1 in Shields
  1756 | D:4      | Noticed Edmund
  1784 | D:3      | Slain by Edmund

Skill      XL: |  1  2  3  4 |
---------------+-------------+-----
Fighting       | 4 5 |  5.0
Armour         | 2 |  2.2
Shields        | 1 |  1.2
Axes           | |  1.7
Dodging        | |  0.8
Invocations    | |  2.4

Action                   |  1- 3 |  4- 6 || total
-------------------------+-------+-------++-------
Melee: Hand axe          |    91 |    41 ||   132
       Kick              |     4 |    11 ||    15
Invok: Depart the Abyss  |     1 |       ||     1
  Use: Scroll            |     5 |     1 ||     6
       Potion            |     3 |       ||     3
  Eat: Ration            |       |     1 ||     1
Armor: Ring mail         |    46 |    17 ||    63
       Scale mail        |       |     9 ||     9
Dodge: Dodged            |    44 |     5 ||    49
Block: Large shield      |    10 |    35 ||    45
